 Dungeon Crawl Stone Soup version 0.29-a0-961-gfab03dca74 (webtiles) character file.

Game seed: 1085388861498283511

14180 Elmgren the Protected (level 11, -6/105 HPs)
             Began as a Minotaur Berserker on July 30, 2022.
             Was an Elder of Trog.
             Mangled by a hog (11 damage)
             ... led by Kirke
             ... on level 3 of the Lair of Beasts.
             The game lasted 00:35:20 (18022 turns).

Elmgren the Protected (Minotaur Berserker)         Turns: 18022, Time: 00:35:21

Health: -6/105     AC:  0    Str: 26    XL:     11   Next: 85%
Magic:  0/10       EV: 14    Int:  4    God:    Trog [****..]
Gold:   768        SH:  0    Dex: 10    Spells: 10/10 levels left

rFire   . . .      SeeInvis .   (weapon currently unavailable)
rCold   . . .      Faith    .   (shield currently unavailable)
rNeg    . . .      Spirit   +   (body armour currently unavailable)
rPois   .          Reflect  .   (helmet currently unavailable)
rElec   .          Harm     .   (cloak currently unavailable)
rCorr   .          Rampage  .   (gloves currently unavailable)
Will    .....                   (boots currently unavailable)
Stlth   +.........              h - amulet of guardian spirit
HPRegen 0.27/turn               (ring currently unavailable)
MPRegen 0.12/turn               (ring currently unavailable)

@: pig-form, on berserk cooldown, slowed, studying Armour
A: fast, no casting, small, (horns 2), (retaliatory headbutt), (poison
resistance), no potion heal 1, MP-powered wands
a: Renounce Religion, Berserk, Trog's Hand, Brothers in Arms


You were on level 3 of the Lair of Beasts.
You worshipped Trog.
Trog was greatly pleased with you.
You were a filthy swine.
You visited 2 branches of the dungeon, and saw 11 of its levels.

You collected 768 gold pieces.

Inventory:

Hand Weapons
 s - a +0 flail of holy wrath
 w - a +0 whip of freezing
 z - the +11 war axe "Bucineisk" (melded) {freeze, rPois Str+5 Int-2}
   (You found it on level 7 of the Dungeon)

   It freezes those it strikes, dealing additional cold damage.
   It can also slow down cold-blooded creatures.
   Str:       It affects your strength (+5).
   Int:       It affects your intelligence (-2).
   rPois:     It protects you from poison.
Missiles
 m - 14 poisoned darts (quivered)
Armour
 a - a +0 plate armour
 l - a +2 pair of boots (melded)
 o - a +0 pair of gloves (melded)
 p - a +0 tower shield (melded)
 v - the +6 plate armour of Weihoivovu (melded) {Harm rN+ Int-4}
   (You found it on level 6 of the Dungeon)

   Int:       It affects your intelligence (-4).
   rN:        It protects you from negative energy.
   Harm:      It increases damage dealt and taken.
Jewellery
 h - an amulet of guardian spirit (around neck)
 q - a ring of resist corrosion
 B - a +6 ring of intelligence (melded)
 H - a +6 ring of intelligence
 I - a ring of positive energy
Wands
 d - a wand of digging (3)
 i - a wand of flame (27)
 k - a wand of quicksilver (17)
 t - a wand of paralysis (5)
 E - a wand of roots (9)
Scrolls
 c - 2 scrolls of magic mapping
 f - 6 scrolls of identify
 r - 2 scrolls of immolation
 u - 2 scrolls of enchant weapon
 x - 2 scrolls of teleportation
 y - a scroll of blinking
 A - 2 scrolls of butterflies
Potions
 b - a potion of resistance
 e - a potion of haste
 g - 3 potions of curing
 j - 4 potions of brilliance
 n - 2 potions of heal wounds
 D - 2 potions of ambrosia
 F - a potion of might {unknown}
 G - 2 potions of magic
 J - a potion of flight
 K - 2 potions of cancellation
Miscellaneous
 C - a phantom mirror


   Skills:
 + Level 12.7 Fighting
 + Level 9.2(12.2) Axes
 + Level 12.7(13.9) Maces & Flails
 + Level 14.1 Armour
 - Level 2.1 Dodging


You had 10 spell levels left.
You didn't know any spells.
Your spell library was empty.

Dungeon Overview and Level Annotations

Branches:
Dungeon (8/15) Zot: 24354  Temple (0/1) D:4            Lair (3/5) D:8 Zot: 13705
  Swamp: Lair:2-3    Shoals: Lair:2-3     Snake: Lair:2-3    Spider: Lair:2-3

Altars:
Elyvilon
Gozag
Makhleb
Okawaru
Zin

Shops:
D:2 ?

Annotations:
Lair:1 1 runed translucent door, Sintarzus's ghost, journeyman FeSu
Lair:2 1 runed translucent door, TheBestFelid's ghost, novice FeAE
Lair:3 Kirke


Innate Abilities, Weirdness & Mutations

You are a filthy swine.
You move quickly.
Your equipment is almost entirely melded.
You are incapable of wielding weapons or throwing items.
You cannot cast spells.
((You have a pair of horns on your head.))
((You reflexively headbutt those who attack you in melee.))
((Your system is resistant to poisons. (rPois)))
Potions are less effective at restoring your health.
You expend magic power (3 MP) to strengthen your wands.


Message History

The hog bites you!
You barely miss Kirke.
Kirke is moderately wounded.
The hog closely misses you.
You feel troubled. Kirke misses you. The hog barely misses you. Kirke hits you!
You feel a strong urge to attack something.
You are no longer berserk.
You are exhausted.
You feel as though you will be slow longer.
The hog barely misses you. The hog closely misses you.
You bite Kirke!
Kirke is moderately wounded.
The hog bites you. Kirke closely misses you. The hog closely misses you.
Kirke hits you! The hog closely misses you. Kirke attacks as you move away!
Kirke hits you! The hog bites you!
* * * LOW HITPOINT WARNING * * *
The hog misses you. Kirke hits you!
* * * LOW HITPOINT WARNING * * *
There is a stone staircase leading down, spattered with blood here.
The hog closely misses you. Kirke hits you.
* * * LOW HITPOINT WARNING * * *
The hog closely misses you.
You climb downwards.
There is a stone staircase leading up, spattered with blood here.
Your system partially rejects the healing.
You feel much better. The hog barely misses you. Kirke barely misses you.
The hog misses you. Kirke hits you!
* * * LOW HITPOINT WARNING * * *
Your system partially rejects the healing.
You feel much better. The hog closely misses you.
Kirke gestures at you while chanting.
You feel a momentary urge to oink. The hog bites you!
* * * LOW HITPOINT WARNING * * *
Your system partially rejects the healing.
You feel much better. The hog bites you!
* * * LOW HITPOINT WARNING * * *
Kirke misses you. The hog bites you!
You die...

.........#.#....###..##....
##..........##.#..#...#.#...
#.##........#....#.........#
#...#.........#.....##....##
#...#...............###.#..#
##...)...............#..#P..
#............#..............
#..#........@...............
#..........h..........#.....
#...........h...............
#.........................
#........<...[............
#.........................
#.........................
#.......................>.
#........................
#......................


You could see Kirke and a hog.

Vanquished Creatures
  3 death yaks (D:7)
  Urug (Lair:1)
  Pikel (D:5)
  A black mamba (Lair:1)
  3 cane toads
  4 rime drakes
  3 komodo dragons
  A polar bear (Lair:1)
  4 blink frogs (Lair:2)
  A wyvern (Lair:1)
  2 hogs (Lair:2)
  23 yaks
  A basilisk (Lair:2)
  8 water moccasins
  2 ice beasts
  An orc warrior (D:7)
  A black bear (D:6)
  A sky beast (D:7)
  An ogre (D:5)
  4 wolves (Lair:1)
  A centaur (D:8)
  A lemure (D:5)
  A phantom (D:5)
  6 bullfrogs
  A kobold brigand (D:6)
  A scorpion (D:4)
  3 necrophages
  3 wights (D:7)
  2 howler monkeys (D:8)
  2 jellies
  6 orc priests
  4 hounds
  Jessica (D:3)
  A gnoll bouda (D:7)
  4 iguanas
  5 orc wizards
  6 gnolls
  10 adders
  A shadow imp (D:8)
  A white imp (D:3)
  An ufetubus (D:6)
  2 worms
  4 dart slugs
  16 orcs
  6 ball pythons
  8 endoplasms
  2 giant cockroaches
  9 hobgoblins
  2 jackals (D:2)
  2 kobolds (D:6)
  4 quokkas
  9 bats
  A frilled lizard (D:3)
  2 goblins
  8 rats
202 creatures vanquished.

Vanquished Creatures (others)
  10 fungi
  13 plants
23 creatures vanquished.

Grand Total: 225 creatures vanquished

Notes
Turn   | Place    | Note
-------+----------+-------------------------------------------
     0 | D:1      | Elmgren the Minotaur Berserker began the quest for the Orb.
     0 | D:1      | Reached XP level 1. HP: 19/19 MP: 0/0
   318 | D:1      | Reached XP level 2. HP: 24/27 MP: 1/1
   577 | D:1      | Reached skill level 3 in Armour
   665 | D:1      | Found a faded altar of an unknown god.
   851 | D:1      | Reached XP level 3. HP: 32/33 MP: 2/2
  1423 | D:1      | Gained mutation: You expend magic power (3 MP) to
                  | strengthen your wands. [potion of mutation]
  1423 | D:1      | Gained mutation: Your system is resistant to poisons.
                  | (rPois) [potion of mutation]
  1423 | D:1      | Gained mutation: Potions are less effective at restoring
                  | your health. [potion of mutation]
  2127 | D:2      | Reached ** piety under Trog
  2282 | D:2      | Found Pudy's Magic Scroll Shop.
  2679 | D:3      | Noticed Jessica
  2691 | D:3      | Killed Jessica
  2692 | D:3      | Reached XP level 4. HP: 37/41 MP: 3/3
  4386 | D:4      | Reached skill level 5 in Fighting
  4386 | D:4      | Reached skill level 4 in Armour
  4390 | D:4      | Reached XP level 5. HP: 48/48 MP: 4/4
  4546 | D:4      | Reached skill level 5 in Maces & Flails
  4591 | D:4      | Found a staircase to the Ecumenical Temple.
  4758 | D:4      | Reached XP level 6. HP: 54/56 MP: 5/5
  4981 | D:4      | Found a glowing silver altar of Zin.
  4981 | D:4      | Found an opulent altar of Gozag.
  5974 | D:4      | Reached skill level 5 in Armour
  6058 | D:5      | Entered Level 5 of the Dungeon
  6058 | D:5      | Noticed a water moccasin
  6065 | D:4      | Killed a water moccasin
  6653 | D:5      | Noticed Pikel
  6674 | D:5      | Killed Pikel
  6675 | D:5      | Reached skill level 6 in Armour
  6675 | D:5      | Reached XP level 7. HP: 66/66 MP: 3/6
  6846 | D:5      | Reached XP level 8. HP: 53/73 MP: 4/7
  7039 | D:5      | Reached skill level 7 in Armour
  7316 | D:5      | Found a white marble altar of Elyvilon.
  7354 | D:5      | Found a burning altar of Makhleb.
  8167 | D:6      | Reached *** piety under Trog
  8194 | D:6      | Identified the +6 plate armour of Weihoivovu {Harm rN+
                  | Int-4}
  8206 | D:6      | Lost intelligence.
  8775 | D:6      | Reached skill level 8 in Armour
 10221 | D:6      | Reached XP level 9. HP: 75/82 MP: 8/8
 10364 | D:7      | Identified the +11 war axe "Bucineisk" {freeze, rPois Str+5
                  | Int-2}
 10431 | D:7      | Reached skill level 1 in Axes
 10981 | D:7      | Reached skill level 9 in Armour
 11065 | D:7      | Found an iron altar of Okawaru.
 11770 | D:8      | Noticed a death yak
 11773 | D:8      | Noticed a death yak
 11774 | D:8      | Noticed a death yak
 11784 | D:7      | Killed a death yak
 11785 | D:7      | Reached skill level 10 in Fighting
 11785 | D:7      | Reached skill level 10 in Maces & Flails
 12124 | D:7      | Killed a death yak
 12125 | D:7      | Reached skill level 10 in Armour
 12125 | D:7      | Reached XP level 10. HP: 94/94 MP: 6/9
 12290 | D:7      | Killed a death yak
 12291 | D:7      | Reached skill level 5 in Axes
 12563 | D:8      | Found a staircase to the Lair.
 12851 | D:8      | Identified a scroll of acquirement
 12851 | D:8      | Acquired a manual of Armour
 13811 | Lair:1   | Entered Level 1 of the Lair of Beasts
 14075 | Lair:1   | Reached skill level 11 in Armour
 14466 | Lair:1   | Noticed Urug
 14482 | Lair:1   | Killed Urug
 14569 | Lair:1   | Reached XP level 11. HP: 53/102 MP: 4/10
 14897 | Lair:1   | Found a runed translucent door.
 14898 | Lair:1   | Noticed a death yak
 14899 | Lair:1   | Noticed Sintarzus's ghost (journeyman FeSu)
 14949 | Lair:1   | Reached skill level 12 in Armour
 16104 | Lair:2   | Reached **** piety under Trog
 16256 | Lair:2   | Reached skill level 13 in Armour
 16493 | Lair:2   | Found a runed translucent door.
 16495 | Lair:2   | Noticed TheBestFelid's ghost (novice FeAE)
 16496 | Lair:2   | Identified the +3 trident of Umpiclyq {antimagic, Contam
                  | *Slow Will+ Int+8}
 16496 | Lair:2   | Noticed a spriggan rider
 17583 | Lair:2   | Reached skill level 14 in Armour
 17843 | Lair:3   | Noticed Kirke
 18022 | Lair:3   | HP: 5/105 [hog[Kirke] (13)]
 18022 | Lair:3   | Mangled by a hog

Illustrated notes

Levels and vault maps discovered:
D:1:      minmay_arrival_open_corners, layout_basic,
          ebering_ecumenical_altar_webs, skrybe_limestone_x,
          supply_closet_lemuel, minmay_split_cup_small
D:2:      layout_rooms, serial_shops, shop_fountains
D:3:      layout_loops_cross, uniq_jessica
D:4:      layout_basic, grunt_temple_overflow_gold_and_silver,
          minmay_temple_entry_mist
D:5:      layout_loops_ring, mainiacjoe_overflow_swirl, kennysheep_small_spiral,
          uniq_pikel
D:6:      layout_cave_pools
D:7:      layout_rooms, mainiacjoe_overflow_cross_hatched
D:8:      layout_gridville, dpeg_lair_monsters
Lair:1:   layout_regular_city, ebering_ghost_inner_flame, hibernation_bobbens,
          uniq_urug
Lair:2:   layout_regular_city, ebering_ghost_funeral_grove,
          grunt_forest_stairs_basic
Lair:3:   layout_cave_shapes, minmay_shoals_entry_hut,
          minmay_snake_entry_guardpost_medium, uniq_kirke

Skill      XL: |  1  2  3  4  5  6  7  8  9 10 11 |
---------------+----------------------------------+-----
Fighting       | 4 5 7 8 10 11 12 | 12.7
Maces & Flails | 4 5 7 8 10 11 12 | 12.7
Armour         | 3 4 6 8 10 11 14 | 14.1
Axes           | 4 7 9 |  9.2
Dodging        | |  2.1

Action                   |  1- 3 |  4- 6 |  7- 9 | 10-12 || total
-------------------------+-------+-------+-------+-------++-------
Melee: Mace              |    82 |    75 |       |       ||   157
       Headbutt          |     6 |    23 |    28 |    21 ||    78
       Punch             |       |     2 |       |       ||     2
       Flail             |       |    42 |    97 |       ||   139
       Whip              |       |       |    50 |       ||    50
       War axe           |       |       |    55 |   129 ||   184
       Unarmed           |       |       |       |    11 ||    11
Throw: Dart              |       |     1 |       |       ||     1
Invok: Berserk           |       |     3 |     2 |     5 ||    10
  Use: Scroll            |     7 |     3 |     3 |     3 ||    16
       Potion            |     3 |     5 |     2 |     4 ||    14
Armor: Animal skin       |     4 |       |       |       ||     4
       Scale mail        |    39 |    54 |    27 |       ||   120
       Chain mail        |       |       |    60 |       ||    60
       Plate armour      |       |       |    21 |   129 ||   150
Dodge: Dodged            |    57 |    58 |    72 |    48 ||   235
Block: Tower shield      |       |       |    26 |    78 ||   104

Table legend: (Time is in decaauts)
 A = Elapsed time spent in this place.
 B = Non-inter-level travel time spent in this place.
 C = Inter-level travel time spent in this place.
 D = Time resting spent in this place.
 E = Time spent auto-exploring this place.
 F = Levels seen in this place.
 G = Mean time per level.
                   A        B        C        D        E       F      G
               +--------+--------+--------+--------+--------+-----+--------+
         Total |  18427 |  18181 |    246 |   9670 |   5664 |  11 | 1675.2 |
       Dungeon |  14134 |  13939 |    195 |   7530 |   4704 |   8 | 1766.8 |
          Lair |   4293 |   4242 |     51 |   2139 |    960 |   3 | 1431.0 |
               +--------+--------+--------+--------+--------+-----+--------+

Top non-repeatable levels by time:
     D:6: 2395 daAuts
  Lair:1: 2391 daAuts
     D:4: 2094 daAuts
     D:8: 2005 daAuts
     D:3: 1958 daAuts
  Lair:2: 1800 daAuts
     D:1: 1785 daAuts
     D:5: 1637 daAuts
     D:7: 1635 daAuts
     D:2: 621 daAuts
  Lair:3: 100 daAuts
